 Dungeon Crawl Stone Soup version 0.19.1 (webtiles) character file.

29 CanadianGator the Grasshopper (level 3, -3/28 HPs)
             Began as a Demonspawn Warper on Dec 5, 2016.
             Slain by an adder (4 damage)
             ... on level 2 of the Dungeon.
             The game lasted 00:01:57 (1333 turns).

CanadianGator the Grasshopper (Demonspawn Warper)   Turns: 1333, Time: 00:01:58

Health: -3/28      AC:  4    Str: 12    XL:     3   Next: 1%
Magic:  6/6        EV: 12    Int: 14    God:
Gold:   52         SH:  0    Dex: 12    Spells: 0 memorised, 6 levels left

rFire  . . .     SeeInvis .       - Unarmed
rCold  . . .     Gourm    .     a - +0 leather armour
rNeg   . . .     Faith    .     (no shield)
rPois  .         Spirit   .     (helmet restricted)
rElec  .         Reflect  .     (no cloak)
rCorr  .         Harm     .     (no gloves)
MR     .....                    (no boots)
Stlth  +.........               (no amulet)
                                (no ring)
                                (no ring)

@: lethally poisoned (-3 -> -10)
A: horns 1, rugged brown scales 1
a: no special abilities


You were on level 2 of the Dungeon.
You were very hungry.

You visited 1 branch of the dungeon, and saw 2 of its levels.

You collected 52 gold pieces.

Inventory:

Missiles
 d - 5 tomahawks of dispersal (quivered)
Armour
 a - a +0 leather armour (worn)
Scrolls
 c - a scroll of blinking
 h - a scroll of recharging {unknown}
 i - a scroll of fear {unknown}
 j - a scroll of identify {unknown}
 k - a scroll of teleportation {unknown}
 l - a scroll of magic mapping {unknown}
Books
 b - a book of Spatial Translocations

   Spells                             Type                      Level
   a - Blink                          Translocation                2
   b - Shroud of Golubria             Charms/Translocation         2
   c - Lesser Beckoning               Translocation                3
   d - Portal Projectile              Translocation                3
   e - Teleport Other                 Translocation                3
   f - Passage of Golubria            Translocation                4
Comestibles
 f - 3 bread rations
 g - a beef jerky


   Skills:
 + Level 2.4 Fighting
 - Level 0.8 Throwing
 + Level 1.1 Armour
 + Level 2.0 Dodging
 * Level 2.2 Unarmed Combat
 + Level 2.3 Spellcasting
   Level 2.6 Translocations


You had 6 spell levels left.
You didn't know any spells.

Dungeon Overview and Level Annotations

Branches:
Dungeon (2/15)

Altars:


Innate Abilities, Weirdness & Mutations

You have a pair of small horns on your head.
You are partially covered in rugged brown scales. (AC +1, +3% HP)


Message History

The adder is moderately wounded.
* * * LOW HITPOINT WARNING * * *
You feel sick. The adder bites you but does no damage.
It was a potion of cancellation.
Your magical effects are unravelling.
You feel magically purged.
Your magical contamination has completely faded away.
You feel yourself slow down. The adder bites you but does no damage.
The leopard gecko moves out of view.
You hit the adder but do no damage.
You headbutt the adder, but do no damage.
The adder is moderately wounded.
* * * LOW HITPOINT WARNING * * *
You feel sick. The adder barely misses you.
A frilled lizard comes into view.
You miss the adder.
The adder is moderately wounded.
The frilled lizard hisses angrily.
The adder bites you but does no damage. The adder bites you.
You die...

.. #.. l.#....
.#... ....
##...
####.#g########
...............
#...@S# #.#...#
#.#...#
#.#...##
#.#....#
####.#....###
#....'......#
#.####......#
#.####......#


You could see an adder, a goblin and a frilled lizard.

Vanquished Creatures
  3 leopard geckos (D:1)
  2 giant cockroaches
  4 goblins
  4 hobgoblins (D:1)
  3 kobolds
  A ball python (D:1)
  4 bats
  2 rats (D:1)
23 creatures vanquished.

Vanquished Creatures (others)
  4 toadstools (D:1)
4 creatures vanquished.

Grand Total: 27 creatures vanquished

Notes
Turn   | Place    | Note
-------+----------+-------------------------------------------
     0 | D:1      | CanadianGator the Demonspawn Warper began the quest for the Orb.
     0 | D:1      | Reached XP level 1. HP: 16/16 MP: 3/3
   308 | D:1      | Gained mutation: You are partially covered in rugged brown scales. (AC +1, +3% HP) [demonic ancestry]
   308 | D:1      | Reached XP level 2. HP: 5/22 MP: 5/5
   747 | D:1      | Reached skill level 1 in Armour
  1301 | D:2      | Gained mutation: You have a pair of small horns on your head. [demonic ancestry]
  1301 | D:2      | Reached XP level 3. HP: 25/28 MP: 6/6
  1332 | D:2      | HP: 1/28 [poisoned by an adder]
  1333 | D:2      | Slain by an adder

Skill      XL: |  1  2 |
---------------+-------+-----
Unarmed Combat | 2 |  2.2
Armour         | 1 |  1.1
Dodging        | 2 |  2.0
Fighting       | |  2.4
Throwing       | |  0.8
Spellcasting   | |  2.3
Translocations | |  2.6

Action                   || total
-------------------------++-------
Melee: Unarmed           ||   118
       Punch             ||     1
       Headbutt          ||     1
  Use: Potion            ||     2
Armor: Leather armour    ||    32
Dodge: Dodged            ||    75
